 Dungeon Crawl Stone Soup version 0.26-a0-812-g31a745ddcd (webtiles) character file.

Game seed: 14884335878886777621

25697 schauveau the Cleaver (level 13, 0/85 HPs)
             Began as a Gargoyle Fighter on Nov 16, 2020.
             Was a High Priest of Makhleb.
             Slain by a deep elf knight
             ... wielding a +0 long sword
              (5 damage)
             ... on level 13 of the Dungeon.
             The game lasted 00:30:20 (15831 turns).

schauveau the Cleaver (Gargoyle Fighter)           Turns: 15831, Time: 00:30:21

Health: 0/85       AC: 32    Str: 24    XL:     13   Next: 21%
Magic:  18/18      EV:  7    Int: 10    God:    Makhleb [*****.]
Gold:   1365       SH:  5    Dex:  9    Spells: 12/12 levels left

rFire    . . .     SeeInvis .   w - +0 battleaxe
rCold    + . .     Faith    .   (shield currently unavailable)
rNeg     + . .     Spirit   .   l - +3 plate armour
rPois    ∞         Reflect  +   s - +0 helmet
rElec    +         Harm     .   F - +0 cloak
rCorr    .         Rampage  .   (no gloves)
MR       .....                  m - +0 pair of boots
Stlth    ..........             E - amulet of reflection
HPRegen  0.24/turn              r - ring of protection from cold
MPRegen  0.16/turn              (no ring)

@: no status effects
A: negative energy resistance 1, electricity resistance, unbreathing,
petrification resistance, rot immunity, AC +9
a: Minor Destruction, Lesser Servant of Makhleb, Major Destruction, Greater
Servant of Makhleb, Renounce Religion


You were on level 13 of the Dungeon.
You worshipped Makhleb.
Makhleb was extremely pleased with you.
You visited 2 branches of the dungeon, and saw 16 of its levels.

You collected 1505 gold pieces.
You spent 140 gold pieces at shops.

Inventory:

Hand Weapons
 j - a +2 hand axe of electrocution
 o - a +2 war axe
 w - a +0 battleaxe (weapon)
 B - a +4 flail of holy wrath
Missiles
 d - 8 curare-tipped darts
 G - 24 boomerangs (quivered)
Armour
 l - a +3 plate armour (worn)
 m - a +0 pair of boots (worn)
 s - a +0 helmet (worn)
 F - a +0 cloak (worn)
Jewellery
 p - an uncursed amulet of magic regeneration {unknown}
 r - a ring of protection from cold (left hand)
 E - an amulet of reflection (around neck)
Wands
 c - a wand of disintegration (33)
 q - a wand of iceblast (10)
 t - a wand of paralysis (5)
 u - a wand of acid (7)
 K - a wand of digging (2)
 M - a wand of polymorph (5)
 O - a wand of flame (26)
 Q - a wand of random effects (26)
Scrolls
 a - 2 scrolls of fear
 f - 7 scrolls of teleportation
 h - 8 scrolls of remove curse
 n - 3 scrolls of enchant weapon
 y - a scroll of blinking
 z - 3 scrolls of enchant armour
 C - a scroll of brand weapon
 I - 2 scrolls of fog
 N - 3 scrolls of magic mapping
Potions
 b - a potion of ambrosia {unknown}
 e - a potion of curing
 g - 2 potions of invisibility {unknown}
 i - 6 potions of haste {unknown}
 k - 2 potions of mutation
 x - a potion of magic {unknown}
 A - a potion of flight {unknown}
 D - a potion of cancellation {unknown}
 P - a potion of might


   Skills:
 + Level 11.8 Fighting
 * Level 13.4 Axes
 + Level 11.8 Armour
   Level 3.2 Shields
 + Level 7.3 Invocations


You had 12 spell levels left.
You didn't know any spells.
Your spell library contained the following spells:

 Spells                   Type           Power        Failure   Level
 Magic Dart               Conj           #...         98%         1
 Sandblast                Erth           #.....       98%         1
 Searing Ray              Conj           #.....       99%         2
 Dazzling Flash           Conj/Hex       #.....       100%        3
 Fulminant Prism          Conj/Hex       #.........   100%        4
 Iskenderun's Mystic Bla  Conj/Tloc      #.......     100%        4
 Iron Shot                Conj/Erth      #.........   100%        6
 Statue Form              Tmut/Erth      Unusable     N/A         6

Dungeon Overview and Level Annotations

Branches:
Dungeon (15/15)            Temple (1/1) D:7            Lair (0/6) D:9
    Orc (0/2) D:12         Vaults (0/5) D:13
 Depths: D:15

Altars:
Ashenzari
Elyvilon
Fedhas
Gozag
Hepliaklqana
Kikubaaqudgha
Makhleb
Ru
Trog
Xom
The Shining One

Shops:
D:6 (   D:9 *   D:10 (   D:12 [

Portals:
Abyss: D:11

Annotations:
D:10 2 runed translucent doors
D:11 1 transporter, profreshinal's ghost, journeyman TeBr


Innate Abilities, Weirdness & Mutations

You are resistant to torment.
Your stone body is resilient. (AC +9)
You are immune to poison.
You resist negative energy. (rN+)
You are resistant to electric shocks. (rElec)
You can survive without breathing.
You are immune to petrification.
You are immune to rotting.


Message History

There are monsters nearby!
You see here a large rock.
You hear some strange, mumbled words.
A shard of ice appears from out of thin air!
The shard of ice hits you! You partially resist.
* * * LOW HITPOINT WARNING * * *
You hear some strange, mumbled words.
A shard of ice appears from out of thin air!
The shard of ice hits you but does no damage.
You hear some strange, mumbled words.
A shard of ice appears from out of thin air!
The shard of ice hits you!! You partially resist.
* * * LOW HITPOINT WARNING * * *
There is a stone staircase leading up here.
Something hits you but does no damage.
You climb upwards.
Reactivating autopickup.
There is a stone staircase leading down here.
You start resting.
Something hits you.
You die...

#####.......#.....#..._.....#
............+.....#.........#
###########.#.....#(......###
..........#.#.....#.......#
..........#.'.....#.......#
..........#.#..####.......#
..........#.#..#..........#
..........#.####..........#
....!.....#.....@.......###
###+#######....[[.......#
.............#######.####
.............# #...#
.............# ##.##
...........).# #...#
..##########.# ##.##
###........#.# #...#
...........#.# ##.##


There were no monsters in sight!

Vanquished Creatures
  A hydra (D:13)
  6 two-headed ogres
  A death knight (D:13)
  A hell hog (D:11)
  2 orc knights
  A cyclops (D:14)
  2 necromancers (D:13)
  A manticore (D:14)
  3 ugly things
  An orc sorcerer (D:13)
  A toenail golem (D:11)
  A centaur zombie (D:12)
  A kobold demonologist (D:12)
  A komodo dragon (D:12)
  3 freezing wraiths
  3 trolls
  A jumping spider (shapeshifter) (D:14)
  Sigmund (D:5)
  5 wraiths
  21 yaks
  2 vampire mosquitoes (D:14)
  A steam dragon (D:11)
  Edmund (D:5)
  Menkaure (D:5)
  2 water moccasins
  2 sky beasts
  5 black bears
  4 ice beasts
  6 orc warriors
  4 phantoms
  2 necrophages
  5 ogres
  7 centaurs
  A big kobold (D:11)
  14 bullfrogs
  5 scorpions
  18 killer bees
  9 wights
  3 howler monkeys
  2 small abominations (D:11)
  A quasit (D:10)
  3 bullfrog zombies
  10 hounds
  5 jellies
  7 orc priests
  6 centaur skeletons
  2 bullfrog skeletons (D:12)
  3 iguanas
  14 worker ants
  7 orc wizards
  2 hound skeletons
  A worker ant zombie (D:5)
  A howler monkey zombie (D:11)
  Robin (D:2)
  8 gnolls
  A howler monkey skeleton (D:10)
  16 adders
  2 white imps (D:6)
  An ufetubus (D:5)
  An ooze (D:4)
  3 worms
  2 dart slugs (D:1)
  9 leopard geckos
  46 orcs
  2 bats (D:3)
  12 giant cockroaches
  11 goblins
  12 hobgoblins
  13 jackals
  17 kobolds
  3 quokkas
  5 frilled lizards
  A giant cockroach zombie (D:5)
  A quokka skeleton (D:4)
  12 rats
392 creatures vanquished.

Vanquished Creatures (others)
  40 fungi (D:9)
  47 plants
87 creatures vanquished.

Grand Total: 479 creatures vanquished

Notes
Turn   | Place    | Note
-------+----------+-------------------------------------------
     0 | D:1      | schauveau the Gargoyle Fighter began the quest for the Orb.
     0 | D:1      | Reached XP level 1. HP: 14/14 MP: 1/1
    69 | D:2      | Reached skill level 2 in Axes
    90 | D:1      | Found a glowing golden altar of the Shining One.
   158 | D:2      | Reached XP level 2. HP: 15/19 MP: 2/2
   203 | D:3      | Reached XP level 3. HP: 16/23 MP: 3/3
   673 | D:3      | Reached XP level 4. HP: 23/29 MP: 4/4
   674 | D:3      | Reached skill level 3 in Axes
   839 | D:4      | Reached XP level 5. HP: 28/33 MP: 5/5
   977 | D:4      | Reached skill level 4 in Axes
   981 | D:4      | Reached XP level 6. HP: 10/39 MP: 6/6
   988 | D:4      | HP: 1/39 [gnoll/cursed -1 halberd (6)]
  1398 | D:4      | Found a burning altar of Makhleb.
  1398 | D:4      | Found a white marble altar of Elyvilon.
  1402 | D:4      | Became a worshipper of Makhleb the Destroyer
  1548 | D:2      | Found a broken altar of Ashenzari.
  2671 | D:1      | Reached * piety under Makhleb
  3364 | D:2      | Noticed Robin
  3383 | D:2      | Killed Robin
  4149 | D:4      | Reached skill level 5 in Fighting
  4149 | D:4      | Reached skill level 5 in Armour
  4206 | D:4      | Reached XP level 7. HP: 41/44 MP: 7/7
  4502 | D:5      | Entered Level 5 of the Dungeon
  4514 | D:5      | Reached skill level 5 in Axes
  4574 | D:5      | Noticed Menkaure
  4579 | D:5      | Killed Menkaure
  4635 | D:5      | Noticed Sigmund
  4639 | D:5      | Reached ** piety under Makhleb
  4649 | D:5      | Killed Sigmund
  4860 | D:5      | Reached XP level 8. HP: 48/51 MP: 8/8
  4864 | D:5      | Reached skill level 6 in Axes
  4895 | D:5      | Noticed Edmund
  4903 | D:5      | Killed Edmund
  5146 | D:6      | Reached skill level 7 in Axes
  5175 | D:6      | Found Otaipeum's Weapon Emporium.
  5195 | D:6      | Got an ichor-stained scale mail
  5216 | D:6      | Bought a +0 battleaxe for 91 gold pieces
  5255 | D:6      | Reached XP level 9. HP: 56/56 MP: 9/9
  5543 | D:7      | Found a hazy altar of Hepliaklqana.
  5777 | D:7      | Identified the +0 scale mail of Action {rElec MP-9 Dex+4
                  | Slay+3} (You found it on level 6 of the Dungeon)
  5850 | D:7      | Reached skill level 8 in Axes
  6421 | D:7      | Found a staircase to the Ecumenical Temple.
  6431 | Temple   | Entered the Ecumenical Temple
  6926 | D:9      | Noticed a troll
  7034 | D:8      | Identified the Handbook of the Rocks
  7675 | D:9      | Found Hus Derete's General Store.
  7710 | D:9      | Bought a scroll of magic mapping for 49 gold pieces
  7745 | D:9      | Killed a troll
  7958 | D:9      | Reached skill level 9 in Axes
  8031 | D:9      | Reached *** piety under Makhleb
  8031 | D:9      | Reached XP level 10. HP: 64/64 MP: 10/10
  8098 | D:9      | Found a bloodstained altar of Trog.
  8171 | D:9      | You fall into a shaft and drop 3 floors!
  8238 | D:12     | Noticed a cyan ugly thing
  8238 | D:12     | Noticed a white ugly thing
  8256 | D:12     | Killed a purple ugly thing
  8264 | D:12     | Killed a red ugly thing
  8716 | D:12     | Reached skill level 10 in Axes
  9123 | D:12     | Found a staircase to the Orcish Mines.
  9125 | D:12     | Found Cuejyra's Armour Emporium.
  9140 | D:12     | Noticed an orc knight
  9197 | D:12     | HP: 3/66 [orc warrior/+0 hand axe (2)]
  9198 | D:12     | HP: 1/66 [orc warrior/+0 hand axe (2)]
  9203 | D:12     | HP: 1/66 [yak (7)]
  9212 | D:12     | You fall into a shaft and drop 1 floor!
  9226 | D:13     | Reached **** piety under Makhleb
  9226 | D:13     | Reached XP level 11. HP: 7/71 MP: 11/11
  9596 | D:13     | Reached skill level 1 in Invocations
  9765 | D:12     | Reached skill level 11 in Axes
  9967 | D:11     | Noticed a two-headed ogre
  9978 | D:11     | Noticed a cyan ugly thing
  9984 | D:11     | Killed a two-headed ogre
  9990 | D:11     | Reached skill level 10 in Armour
 10043 | D:11     | Killed a cyan ugly thing
 10043 | D:11     | Reached skill level 10 in Fighting
 10179 | D:11     | Found a transporter.
 10205 | D:11     | Found a one-way gate to the infinite horrors of the Abyss.
 10205 | D:11     | Found a transporter.
 10205 | D:11     | Noticed profreshinal's ghost (journeyman TeBr)
 10260 | D:11     | Noticed a thrashing horror
 10260 | D:11     | Noticed a hell hog
 10349 | D:11     | Noticed a two-headed ogre
 10364 | D:11     | Killed a two-headed ogre
 10544 | D:10     | Entered Level 10 of the Dungeon
 10872 | D:10     | Found Qonuell's Weapon Shop.
 10887 | D:10     | Found a runed translucent door.
 10887 | D:10     | Noticed a fire dragon
 10888 | D:10     | Noticed a fire dragon
 10890 | D:10     | Found the +2 shield of Resistance {rF++ rC++ MR++}
 10890 | D:10     | Noticed an ice dragon
 10890 | D:10     | Noticed an ice dragon
 10894 | D:10     | Found a runed translucent door.
 11003 | D:10     | Noticed a two-headed ogre
 11017 | D:10     | Killed a two-headed ogre
 11103 | D:9      | Reached XP level 12. HP: 78/78 MP: 15/15
 11112 | D:9      | Reached ***** piety under Makhleb
 11112 | D:9      | Reached skill level 12 in Axes
 11118 | D:9      | Noticed a two-headed ogre
 11129 | D:9      | Killed a two-headed ogre
 11151 | D:9      | Found a staircase to the Lair.
 11620 | D:10     | Reached skill level 5 in Invocations
 12074 | D:11     | Noticed a two-headed ogre
 12080 | D:11     | Killed a two-headed ogre
 12285 | D:11     | Identified a scroll of acquirement
 12293 | D:11     | Acquired 723 gold pieces
 12342 | D:11     | Killed a hell hog
 13429 | D:13     | Noticed an eight-headed hydra
 13444 | D:13     | Killed an eight-headed hydra
 13723 | D:13     | Found an opulent altar of Gozag.
 13818 | D:13     | Noticed a two-headed ogre
 13824 | D:13     | Killed a two-headed ogre
 14016 | D:13     | You fall into a shaft and drop 2 floors!
 14016 | D:15     | Entered Level 15 of the Dungeon
 14022 | D:14     | Noticed a death knight
 14053 | D:14     | Reached skill level 13 in Axes
 14635 | D:13     | Found a gate to the Vaults.
 14714 | D:13     | HP: 1/80 [death knight/cursed +0 halberd (4)]
 14729 | D:13     | Killed a death knight
 14968 | D:13     | Reached XP level 13. HP: 84/84 MP: 18/18
 15796 | D:14     | Identified the +4 battleaxe of Tension {speed, rC+ Str+2}
 15826 | D:14     | HP: 4/85 [something/shard of ice (19)]
 15831 | D:13     | Slain by a deep elf knight

Illustrated notes

Levels and vault maps discovered:
D:1:      dpeg_arrival_water_temple_mockup, layout_loops_corners, serial_forest,
          infiniplex_forest_clump_small, infiniplex_forest_zigzag_1,
          infiniplex_forest_clump_small, infiniplex_forest_clump_long,
          infiniplex_forest_join, infiniplex_forest_end_1, minivault_4,
          tso_metal_star
D:2:      layout_basic, nicolae_ashenzari_panopticon, uniq_robin
D:3:      layout_basic
D:4:      layout_loops_cross, gammafunk_temple_overflow_elements
D:5:      layout_basic, lemuel_crystal_altar, uniq_sigmund, uniq_edmund,
          uniq_menkaure
D:6:      layout_rooms, serial_shops, shop
D:7:      layout_gridville, nicolae_overflow_hidden_temple,
          lemuel_temple_firewalk_a
D:8:      layout_gridville
D:9:      layout_gridville, old_standard_altar, due_lair_maze_entry_diamond,
          serial_shops, shop
D:10:     layout_gridville, serial_shops, shop_statue,
          minmay_guarded_unrand_resistance
D:11:     layout_rooms, gammafunk_ghost_abyssal_escape
D:12:     layout_long_grid, orc_david_3
D:13:     layout_irregular_city, david_vaults_1, serial_glass, glass_columns_c,
          glass_columns_a, minmay_misc_feat_hallway, nicolae_gozag_seed_capital
D:14:     layout_basic, nrook_campfire, chequers_serial_rivers_micro_a,
          minmay_the_grid_square_5x5_3x3_mashed
          [minmay_the_grid_square_5x5_minimal,
          minmay_the_grid_square_5x5_one_wall, minmay_the_grid_square_5x5_mess,
          minmay_the_grid_square_5x5_inverted_slash,
          minmay_the_grid_square_5x5_megaprize_checkered,
          minmay_the_grid_square_5x5_v, minmay_the_grid_square_5x5_fat_x,
          minmay_the_grid_square_5x5_spiral_small,
          minmay_the_grid_square_5x5_corner], uniq_roxanne
D:15:     hangedman_depths_entry_try_elsewhere_first, layout_loops_cross,
          grunt_decor_mini_mirrors, lemuel_flamethrower_3
Temple:   eino_temple_rhombus

Skill      XL: |  1  2  3  4  5  6  7  8  9 10 11 12 13 |
---------------+----------------------------------------+-----
Axes           | 2 3 4 5 7 9 10 11 13 | 13.4
Armour         | 4 5 6 8 9 10 11 | 11.8
Fighting       | 4 5 6 8 9 10 11 | 11.8
Invocations    | 4 6 7 |  7.3
Shields        | |  3.2

Action                   |  1- 3 |  4- 6 |  7- 9 | 10-12 | 13-15 || total
-------------------------+-------+-------+-------+-------+-------++-------
Melee: War axe           |    80 |   108 |       |       |       ||   188
       Hand axe          |       |   114 |    98 |       |       ||   212
       Battleaxe         |       |       |   187 |   920 |    76 ||  1183
       Flail             |       |       |       |    11 |       ||    11
  Use: Potion            |       |     1 |       |     7 |       ||     8
       Scroll            |       |       |    15 |    12 |       ||    27
Armor: Scale mail        |    57 |   176 |   125 |       |       ||   358
       Chain mail        |       |       |   161 |    80 |       ||   241
       Plate armour      |       |       |       |   796 |   105 ||   901
Dodge: Dodged            |    51 |   152 |   160 |   384 |    39 ||   786
Block: Other             |       |       |    19 |   259 |    31 ||   309
       Reflection        |       |       |       |    10 |     1 ||    11

Table legend: (Time is in decaauts)
 A = Elapsed time spent in this place.
 B = Non-inter-level travel time spent in this place.
 C = Inter-level travel time spent in this place.
 D = Time resting spent in this place.
 E = Time spent auto-exploring this place.
 F = Levels seen in this place.
 G = Mean time per level.
                   A        B        C        D        E       F      G
               +--------+--------+--------+--------+--------+-----+--------+
         Total |  16124 |  15513 |    611 |   3071 |   5826 |  16 | 1007.8 |
       Dungeon |  16122 |  15511 |    611 |   3071 |   5826 |  15 | 1074.8 |
        Temple |      1 |      1 |      0 |      0 |      0 |   1 |    1.0 |
               +--------+--------+--------+--------+--------+-----+--------+

Top non-repeatable levels by time:
    D:13: 2773 daAuts
    D:12: 1922 daAuts
    D:11: 1467 daAuts
     D:2: 1281 daAuts
     D:7: 1196 daAuts
     D:4: 1170 daAuts
     D:1: 1106 daAuts
     D:3: 1044 daAuts
    D:10: 991 daAuts
     D:8: 968 daAuts
     D:9: 919 daAuts
     D:6: 552 daAuts
     D:5: 454 daAuts
    D:14: 268 daAuts
    D:15: 5 daAuts
